 Dungeon Crawl Stone Soup version 0.22-a0-443-g17c3723 (webtiles) character file.

2536 4thArraOfDagon the Geomancer (level 9, 38/68 HPs)
             Began as a Deep Dwarf Earth Elementalist on May 31, 2018.
             Quit the game on level 6 of the Dungeon.
             The game lasted 00:10:23 (1864 turns).

4thArraOfDagon the Geomancer (DDEE)                 Turns: 1864, Time: 00:10:24

Health: 38/68      AC:  7    Str: 12    XL:     9   Next: 30%
Magic:  15/15      EV: 12    Int: 19    God:
Gold:   142        SH:  0    Dex: 13    Spells: 14/20 levels left

rFire    . . .     SeeInvis .   l - staff of death
rCold    . . .     Gourm    .   (no shield)
rNeg     + . .     Faith    .   q - +3 leather armour "Acacat" {Regen+}
rPois    +         Spirit   .   (no helmet)
rElec    .         Reflect  .   (no cloak)
rCorr    .         Harm     .   i - +0 pair of gloves (curse)
MR       +....                  (no boots)
Stlth    ++........             (no amulet)
HPRegen  0.00/turn              h - ring of poison resistance
MPRegen  0.14/turn              (no ring)

@: non-regenerating
A: damage resistance, heal wounds, sense surroundings 2, no regeneration
a: Heal Wounds


You were on level 6 of the Dungeon.
You were not hungry.

You visited 2 branches of the dungeon, and saw 10 of its levels.

You collected 212 gold pieces.
You spent 70 gold pieces at shops.

Inventory:

Hand Weapons
 a - a +0 spear
 n - a +1 mace of crushing
Missiles
 b - 43 stones (quivered)
Armour
 c - a +1 robe
 i - a cursed +0 pair of gloves (worn)
 j - a +0 ring mail
 q - the +3 leather armour "Acacat" (worn) {Regen+}
   (You found it on level 6 of the Dungeon)

   It increases your rate of regeneration.
Magical Staves
 l - an uncursed staff of death (weapon)
Jewellery
 h - a ring of poison resistance (left hand)
Wands
 k - a wand of digging (18)
Scrolls
 o - a scroll of torment {unknown}
 p - 2 scrolls of remove curse
 r - a scroll of immolation {unknown}
Potions
 e - 2 potions of curing
 f - 2 potions of degeneration
 g - 2 potions of might {unknown}
 m - a potion of brilliance {unknown}
Comestibles
 d - 5 rations


   Skills:
 - Level 2.1 Dodging
 - Level 2.4 Stealth
 + Level 6.3 Spellcasting
   Level 0.8 Transmutations
 * Level 13.4 Earth Magic


You had 14 spell levels left.
You knew the following spells:

 Your Spells              Type           Power        Failure   Level  Hunger
a - Sandblast             Erth           ######       1%          1    None
b - Lee's Rapid Deconstr  Erth           ######....   1%          5    #####..

Your spell library contained the following spells:

 Spells                   Type           Power        Failure   Level  Hunger
 Stone Arrow              Conj/Erth      ####..       2%          3    ##.....
 Passwall                 Tmut/Erth      ####....     1%          2    None
 Petrify                  Tmut/Erth      ####....     7%          4    ####...


Dungeon Overview and Level Annotations

Branches:
Dungeon (9/15)             Temple (1/1) D:5
   Lair: D:8-11         Orc: D:9-12

Altars:
Ashenzari
Cheibriados
Dithmenos
Elyvilon
Fedhas
Gozag
Hepliaklqana
Kikubaaqudgha
Nemelex Xobeh
Okawaru
Qazlal
Ru
Sif Muna
Trog
Uskayaw
Vehumet
Wu Jian
Xom
Yredelemnul
Zin
The Shining One

Shops:
D:6 *   D:8 %

Annotations:
D:6 Edmund; anything's ghost, novice HOAK


Innate Abilities, Weirdness & Mutations

You are resistant to damage.
You can heal yourself by infusing magical energy.
You passively map the area around you.
You do not regenerate.


Message History

p - 2 scrolls of remove curse (gained 1)
Items here: )))) [ †† You see here a pair of gloves.
i - a pair of gloves Wear which item? (? for menu, Esc to quit)
You start putting on your armour.
You continue putting on your pair of gloves. x4
You finish putting on your cursed +0 pair of gloves.
Oops, that feels deathly cold.
There is an open door here.
Found 12 gold pieces.
You now have 142 gold pieces (gained 12).
Found a stone staircase leading down.
Found a hand axe.
There is a stone staircase leading down here.
You climb downwards.
Level annotation: Edmund; anything's ghost, novice HOAK
There is a stone staircase leading up here.
Unknown command.
Are you sure you want to abandon this character and quit the game? (Confirm with "yes".)

### #@# #.# #.#
#.# #.### ### * *
, #.....
########.. ..
#.....###.........
.....,, ,
#.................
#..... ,* *.
...............


There were no monsters in sight!

Vanquished Creatures
  Erolcha (D:9)
  Prince Ribbit (D:7)
  Grinder (D:4)
  A black bear (D:9)
  An ice beast (D:6)
  3 ogres
  3 centaurs
  Blork the orc (D:5)
  A water moccasin zombie (D:9)
  A scorpion (D:6)
  6 killer bees (D:8)
  The ghost of 4thArraOfDagon the Martial Artist, a weakling KoMo (D:3)
  A crimson imp (D:4)
  A jelly (D:6)
  2 hounds
  An orc priest (D:7)
  An orc wizard (D:7)
  2 worker ants
  A hound skeleton (D:5)
  3 adders
  An adder skeleton (D:6)
  A dart slug (D:2)
  3 leopard geckos
  8 orcs
  2 bats (D:2)
  2 giant cockroaches
  A hobgoblin (D:2)
  5 quokkas
  3 frilled lizards
  6 rats
65 creatures vanquished.

Notes
Turn   | Place    | Note
-------+----------+-------------------------------------------
     0 | D:1      | 4thArraOfDagon the Deep Dwarf Earth Elementalist began the quest for the Orb.
     0 | D:1      | Reached XP level 1. HP: 15/15 MP: 3/3
    73 | D:2      | Reached XP level 2. HP: 19/22 MP: 1/5
   170 | D:3      | Noticed 4thArraOfDagon's ghost (weakling KoMo)
   183 | D:3      | Killed 4thArraOfDagon's ghost
   183 | D:3      | Reached skill level 5 in Earth Magic
   183 | D:3      | Reached XP level 3. HP: 22/28 MP: 2/6
   339 | D:5      | Entered Level 5 of the Dungeon
   367 | D:5      | Reached skill level 6 in Earth Magic
   367 | D:5      | Reached XP level 4. HP: 26/36 MP: 3/7
   410 | D:4      | Noticed an ogre
   419 | D:4      | Killed an ogre
   419 | D:4      | Reached XP level 5. HP: 29/42 MP: 2/9
   434 | D:4      | Noticed Grinder
   444 | D:4      | Found an opulent altar of Gozag.
   444 | D:4      | Paralysed by Grinder for 6 turns
   450 | D:4      | Found a glowing silver altar of Zin.
   462 | D:4      | Reached skill level 7 in Earth Magic
   500 | D:4      | Killed Grinder
   500 | D:4      | Reached skill level 8 in Earth Magic
   500 | D:4      | Reached XP level 6. HP: 25/49 MP: 1/11
   511 | D:4      | Learned a level 5 spell: Lee's Rapid Deconstruction
   548 | D:4      | Found a deep blue altar of Sif Muna.
   550 | D:4      | Found an ornate altar of the Wu Jian Council.
   572 | D:4      | Found a basalt altar of Yredelemnul.
   630 | D:5      | Reached XP level 7. HP: 28/55 MP: 6/12
   722 | D:5      | Reached skill level 9 in Earth Magic
   737 | D:5      | Found a staircase to the Ecumenical Temple.
   742 | Temple   | Entered the Ecumenical Temple
   854 | D:5      | Noticed Blork the orc
   858 | D:5      | Killed Blork the orc
   994 | D:6      | Noticed anything's ghost (novice HOAK)
  1019 | D:7      | Noticed Prince Ribbit
  1033 | D:7      | Killed Prince Ribbit
  1033 | D:7      | Reached skill level 10 in Earth Magic
  1104 | D:6      | Reached XP level 8. HP: 31/62 MP: 7/15
  1209 | D:8      | Found Naog's Food Emporium.
  1220 | D:8      | Reached skill level 11 in Earth Magic
  1222 | D:8      | Reached skill level 5 in Spellcasting
  1253 | D:8      | Noticed a two-headed ogre
  1356 | D:9      | Reached skill level 12 in Earth Magic
  1434 | D:9      | Noticed Erolcha
  1447 | D:9      | Killed Erolcha
  1447 | D:9      | Reached skill level 13 in Earth Magic
  1447 | D:9      | Gained mutation: You passively map the area around you. [Deep Dwarf growth]
  1447 | D:9      | Reached XP level 9. HP: 38/68 MP: 7/16
  1719 | D:6      | Got a distressingly furry leather armour
  1730 | D:6      | Identified the +3 leather armour "Acacat" {Regen+} (You found it on level 6 of the Dungeon)
  1756 | D:6      | Found Veorr's General Store.
  1762 | D:6      | Noticed Edmund
  1765 | D:6      | Bought a potion of heal wounds for 70 gold pieces
  1864 | D:6      | Quit the game

Vault maps used:
D:1:      ebering_hopf_link
D:2:      first_ration, nicolae_dithmenos_through_a_glass_darkly
D:3:      hangedman_decor_slide_cut, nemelex_diamond_rough_becter
D:4:      grunt_temple_overflow_gold_and_silver, nicolae_overflow_hidden_temple,
          minmay_small_thing, uniq_grinder, uniq_eustachio
D:5:      minmay_temple_entry_nine_rooms, uniq_menkaure, uniq_blork_the_orc
D:6:      serial_shops, nicolae_shop_behind_doors, uniq_edmund
D:7:      uniq_prince_ribbit1, uniq_pikel
D:8:      serial_shops, shop
D:9:      uniq_erolcha
Temple:   nicolae_temple_x_marks_the_god

Skill      XL: |  1  2  3  4  5  6  7  8 |
---------------+-------------------------+-----
Spellcasting   | 2 3 4 6 |  6.3
Earth Magic    | 5 6 8 10 13 | 13.4
Dodging        | |  2.1
Stealth        | |  2.4
Transmutations | |  0.8

Action                   |  1- 3 |  4- 6 |  7- 9 || total
-------------------------+-------+-------+-------++-------
Melee: Spear             |    21 |       |       ||    21
       Staff             |     2 |    28 |    63 ||    93
 Cast: Sandblast         |    11 |    20 |    55 ||    86
       Lee's Rapid Decon |       |     1 |     5 ||     6
 Abil: Heal Wounds       |       |     1 |     5 ||     6
  Use: Scroll            |     4 |       |     3 ||     7
       Potion            |     2 |       |     3 ||     5
 Stab: Sleeping          |     3 |       |     3 ||     6
  Eat: Chunk             |       |       |     5 ||     5
Armor: Robe              |     8 |    14 |    10 ||    32
       Leather armour    |       |       |     4 ||     4
Dodge: Dodged            |    27 |    33 |    71 ||   131

Table legend:
 A = Spawn XP
 B = Non-spawn XP
 C = Spawn XP percentage of total XP
 D = Spawn monster count
 E = Non-spawn monster count
 F = Spawn count percentage of total count
 G = Total turns spent on level
                    A         B        C        D         E        F      G
               +---------+---------+-------+---------+---------+-------+---------
         Total |       0 |    3623 |   0.0 |       0 |      65 |   0.0 |  1864
               +---------+---------+-------+---------+---------+-------+---------
           D:1 |       0 |       1 |   0.0 |       0 |       1 |   0.0 |    35
           D:2 |       0 |      25 |   0.0 |       0 |       8 |   0.0 |    98
           D:3 |       0 |      57 |   0.0 |       0 |       5 |   0.0 |   199
           D:4 |       0 |     604 |   0.0 |       0 |       9 |   0.0 |   253
           D:5 |       0 |     290 |   0.0 |       0 |      12 |   0.0 |   393
           D:6 |       0 |     249 |   0.0 |       0 |       6 |   0.0 |   231
           D:7 |       0 |     528 |   0.0 |       0 |       9 |   0.0 |   282
           D:8 |       0 |     524 |   0.0 |       0 |       9 |   0.0 |   130
           D:9 |       0 |    1345 |   0.0 |       0 |       6 |   0.0 |   217
               +---------+---------+-------+---------+---------+-------+---------
